 Dungeon Crawl Stone Soup version 0.31-a0-654-gbe3e110b4e (webtiles) character file.

Game seed: 7961286542853589225

202 bmack86 the Chopper (level 5, -15/45 HPs)
             Began as a Minotaur Fighter on Aug 29, 2023.
             Killed from afar by a steam dragon (22 damage)
             ... with a ball of steam
             ... on level 5 of the Dungeon.
             The game lasted 00:06:58 (2529 turns).

bmack86 the Chopper (Minotaur Fighter)              Turns: 2529, Time: 00:06:58

Health: -15/45     AC: 11    Str: 23    XL:     5   Next: 50%
Magic:  4/4        EV:  8    Int:  7    God:
Gold:   175        SH:  4    Dex:  9    Spells: 4/4 levels left

rFire   x . .        a - +0 war axe
rCold   . . .        c - +0 buckler
rNeg    . . .        p - +0 chain mail
rPois   .            (helmet restricted)
rElec   +            k - +1 cloak of Wethres {rElec rF- Will+ Int+2}
rCorr   .            (no gloves)
SInv    .            (no boots)
Will    +....        (no amulet) Stlth
                     i - +4 ring of slaying
HPRegen 0.27/turn    (no ring)
MPRegen 0.09/turn

%: no passive effects
@: mighty
A: horns 2, retaliatory headbutt
a: no special abilities


You were on level 5 of the Dungeon.
You visited 1 branch of the dungeon, and saw 5 of its levels.

You collected 195 gold pieces.
You spent 20 gold pieces at shops.

Inventory:

Hand Weapons
 a - a +0 war axe (weapon)
Armour
 b - a +0 scale mail
 c - a +0 buckler (worn)
 k - the +1 cloak of Wethres (worn) {rElec rF- Will+ Int+2}
   (You found it on level 2 of the Dungeon)

   Int+2:     It affects your intelligence (+2).
   rF-:       It makes you vulnerable to fire.
   rElec:     It insulates you from electricity.
   Will+:     It increases your willpower.
 p - a +0 chain mail (worn)
Jewellery
 i - a +4 ring of slaying (left hand)
 s - a +6 ring of intelligence
 t - a ring of magical power
Wands
 j - a wand of flame (9) (quivered)
 q - a wand of iceblast (3)
Scrolls
 f - a scroll of revelation {unknown}
 g - 2 scrolls of enchant armour {unknown}
 u - a scroll of blinking {unknown}
Potions
 d - a potion of might
 e - 3 potions of curing
 h - 4 potions of brilliance
 l - 2 potions of cancellation {unknown}
 m - a potion of enlightenment {unknown}
 n - 3 potions of haste {unknown}
 o - 2 potions of berserk rage {unknown}
 r - 2 potions of resistance {unknown}


   Skills:
 - Level 3.6 Fighting
 + Level 6.1 Axes
 - Level 3.6 Armour
 - Level 5.0 Shields


You had 4 spell levels left.
You didn't know any spells.
Your spell library contained the following spells:

 Spells                   Type           Power      Damage    Failure   Level
 Magic Dart               Conj           0%         1d3       98%         1
 Call Imp                 Summ           0%         N/A       99%         2
 Frozen Ramparts          Ice            0%         1d1       100%        3
 Mephitic Cloud           Conj/Pois/Air  0%         N/A       100%        3
 Petrify                  Tmut/Erth      0%         N/A       100%        4
 Metabolic Englaciation   Hex/Ice        0%         N/A       100%        5


Dungeon Overview and Level Annotations

Branches:
Dungeon (5/15)
 Temple: D:4-7

Altars:
Yredelemnul

Shops:
D:2 ?   D:3 =   D:4 (


Innate Abilities, Weirdness & Mutations

You have a pair of horns on your head.
You reflexively headbutt those who attack you in melee.


Message History

r - 2 murky brown potions (gained 1)
You are no longer corroded.
HP restored.
Found a chain mail.
A steam dragon comes into view.
The steam dragon hisses angrily.
Found a book of Displacement.
The steam dragon breathes steam at you. The ball of steam hits you!!
The steam scalds you terribly!
You hear an angry hiss.
You hear a shout!
You are engulfed in a cloud of scalding steam.
The steam dragon bites you but does no damage.
The steam dragon claws you but does no damage.
A centaur comes into view.
The steam dragon bites you.
The steam dragon claws you but does no damage.
The centaur wields a +0 orcbow.
The centaur shoots an arrow.
You block the arrow.
The steam dragon bites you but does no damage.
The steam dragon claws you but does no damage.
You hit the steam dragon but do no damage.
The centaur shoots an arrow.
The arrow hits you but does no damage.
The centaur shoots an arrow.
You block the arrow. The steam dragon bites you.
The steam dragon claws you but does no damage.
You slash the steam dragon!
The steam dragon is moderately wounded.
The centaur shoots an arrow.
The arrow hits you!
* * * LOW HITPOINT WARNING * * *
The steam dragon bites you but does no damage.
The steam dragon barely misses you.
You barely miss the steam dragon.
The steam dragon is moderately wounded.
The steam dragon bites you.
* * * LOW HITPOINT WARNING * * *
The steam dragon barely misses you.
The centaur shoots an arrow.
The arrow hits you but does no damage.
You feel very mighty all of a sudden. The steam dragon breathes steam at you.
The ball of steam hits you!! The steam scalds you terribly!
You die...

#.# #.#..##..#.#
##.###..#.[.....#
......###.#..###
#....## ##...#
######...###.##.#
.........#.###.#
..:............#
. ##......######
....###@D.#.#
...c.....##.#
....#######.# ..
..# #.# #.# .#


You could see a steam dragon (catching breath) and a centaur.

Vanquished Creatures
  2 jellies (D:5)
  Ijyb (D:4)
  4 adders
  2 worms
  A dart slug (D:2)
  4 orcs
  5 endoplasms
  2 giant cockroaches
  3 goblins
  6 hobgoblins
  9 jackals (D:1)
  5 quokkas
  4 ball pythons
  3 bats
  3 frilled lizards
  10 kobolds
  3 rats (D:1)
67 creatures vanquished.

Notes
Turn   | Place    | Note
-------+----------+-------------------------------------------
     0 | D:1      | bmack86 the Minotaur Fighter began the quest for the Orb.
     0 | D:1      | Reached XP level 1. HP: 19/19 MP: 0/0
   153 | D:1      | Reached XP level 2. HP: 26/26 MP: 1/1
   284 | D:1      | Reached skill level 3 in Axes
   466 | D:1      | Reached XP level 3. HP: 31/31 MP: 2/2
   739 | D:2      | Found Zizxaekh's Magic Scroll Shop.
   761 | D:2      | Bought a scroll of identify for 20 gold pieces
   797 | D:2      | Reached skill level 5 in Shields
   991 | D:2      | Found a basalt altar of Yredelemnul.
  1008 | D:2      | Identified the +1 cloak of Wethres {rElec rF- Will+ Int+2}
  1223 | D:3      | Found Zikumumu's Jewellery Shoppe.
  1308 | D:3      | Reached skill level 4 in Axes
  1308 | D:3      | Reached XP level 4. HP: 39/39 MP: 3/3
  1441 | D:3      | Found a faded altar of an unknown god.
  1838 | D:4      | Noticed Ijyb
  1846 | D:4      | Killed Ijyb
  1847 | D:4      | Reached skill level 5 in Axes
  2153 | D:4      | Reached XP level 5. HP: 45/45 MP: 4/4
  2158 | D:4      | Found Wofolihe's Antique Weapon Emporium.
  2418 | D:5      | Entered Level 5 of the Dungeon
  2486 | D:5      | Reached skill level 6 in Axes
  2519 | D:5      | Noticed a steam dragon
  2524 | D:5      | Noticed a centaur
  2529 | D:5      | Killed from afar by a steam dragon

Illustrated notes

Levels and vault maps discovered:
D:1:      evilmike_arrival_crescent, layout_basic
D:2:      layout_rooms, basic_altar, serial_shops, shop
D:3:      layout_basic, basic_ecumenical_altar, serial_shops,
          nicolae_shop_gaudy_bauble
D:4:      layout_cave_pods, serial_shops, shop, uniq_ijyb
D:5:      layout_loops_ring, uniq_menkaure

Skill      XL: |  1  2  3  4  5 |
---------------+----------------+-----
Shields        | 4 5 |  5.0
Axes           | 3 4 5 6 |  6.1
Fighting       | |  3.6
Armour         | |  3.6

Action                     |  1- 3 |  4- 6 || total
---------------------------+-------+-------++-------
  Melee: War axe           |    76 |    49 ||   125
         Headbutt          |     5 |     5 ||    10
  Evoke: Wand              |       |     6 ||     6
    Use: Scroll            |     2 |       ||     2
         Potion            |       |     1 ||     1
 Armour: Scale mail        |    51 |    15 ||    66
         Chain mail        |       |    28 ||    28
  Dodge: Dodged            |    39 |    23 ||    62
  Block: Buckler           |    20 |    10 ||    30

Table legend: (Time is in decaauts)
 A = Elapsed time spent in this place.
 B = Non-inter-level travel time spent in this place.
 C = Inter-level travel time spent in this place.
 D = Time resting spent in this place.
 E = Time spent auto-exploring this place.
 F = Levels seen in this place.
 G = Mean time per level.
                   A        B        C        D        E       F      G
               +--------+--------+--------+--------+--------+-----+--------+
         Total |   2570 |   2462 |    108 |      0 |   1623 |   5 |  514.0 |
       Dungeon |   2570 |   2462 |    108 |      0 |   1623 |   5 |  514.0 |
               +--------+--------+--------+--------+--------+-----+--------+

Top non-repeatable levels by time:
     D:1: 754 daAuts
     D:4: 751 daAuts
     D:3: 501 daAuts
     D:2: 450 daAuts
     D:5: 112 daAuts
